 Dungeon Crawl Stone Soup version 0.29.0-4-gdea44cf6ec (webtiles) character file.

Game seed: 2755958675833779198

1309 qw the Grappler (level 8, -5/67 HPs)
             Began as a Ghoul Fire Elementalist on Aug 29, 2022.
             Was an Initiate of Okawaru.
             Slain by a killer bee (6 damage)
             ... on level 7 of the Dungeon.
             The game lasted 00:05:16 (6625 turns).

qw the Grappler (Ghoul Fire Elementalist)           Turns: 6625, Time: 00:05:16

Health: -5/67      AC: 10    Str: 20    XL:     8   Next: 58%
Magic:  9/9        EV:  7    Int: 10    God:    Okawaru [......]
Gold:   36         SH:  4    Dex:  9    Spells: 9/10 levels left

rFire   + . .      SeeInvis .     - Unarmed
rCold   + + .      Faith    .   j - +0 buckler
rNeg    + + +      Spirit   .   c - +2 chain mail {rPois}
rPois   inf        Reflect  .   (no helmet)
rElec   .          Harm     .   q - scarf {rC+ rF+}
rCorr   .          Rampage  .   (no gloves)
Will    .....                   (no boots)
Stlth   ..........              (no amulet)
HPRegen 0.00/turn               f - +6 ring of strength
MPRegen 0.11/turn               (no ring)

@: inhibited regen
A: claws 1, cold resistance 1, negative energy resistance 3, inhibited
regeneration, torment resistance 2, devour on kill
a: Renounce Religion


You were on level 7 of the Dungeon.
You worshipped Okawaru.
Okawaru was noncommittal.
You visited 2 branches of the dungeon, and saw 8 of its levels.

You collected 395 gold pieces.
You spent 359 gold pieces at shops.


Innate Abilities, Weirdness & Mutations

You are immune to poison.
You have sharp fingernails.
Your flesh is cold resistant. (rC+)
You are immune to negative energy. (rN+++)
You do not regenerate when monsters are visible.
You are immune to unholy pain and torment.
You thrive by killing the living.


   Skills:
 + Level 4.3 Fighting
 - Level 2.2 Armour
 - Level 1.7 Dodging
 - Level 2.1 Stealth
 - Level 2.2 Shields
 - Level 9.0 Unarmed Combat
 - Level 1.7 Spellcasting
 - Level 0.7 Conjurations
 - Level 2.4 Fire Magic


You had 9 spell levels left.
You knew the following spells:

 Your Spells              Type           Power      Damage    Failure   Level
a - Foxfire               Conj/Fire      16%        2x1d4     94%         1

Your spell library contained the following spells:

 Spells                   Type           Power      Damage    Failure   Level
 Scorch                   Fire           10%        2d5       95%         2
 Conjure Flame            Conj/Fire      4%         6-21      100%        3
 Inner Flame              Hex/Fire       3%         N/A       100%        3
 Flame Wave               Conj/Fire      4%         2d5       100%        4

Inventory:

Armour
 b - a +0 cloak
 c - a +2 chain mail of poison resistance (worn)
 i - the +4 ring mail of Quzotorr {*Corrode rElec rC+++ Int-4}
   (You found it on level 4 of the Dungeon)

   Int:       It affects your intelligence (-4).
   rC:        It renders you almost immune to cold.
   rElec:     It insulates you from electricity.
   *Corrode:  It may corrode you when you take damage.
 j - a +0 buckler (worn)
 q - a scarf of resistance (worn)
Jewellery
 f - a +6 ring of strength (left claw)
Scrolls
 l - 2 scrolls of identify
Potions
 e - a potion of cancellation
 g - 2 potions of curing
 h - a potion of haste
 n - a potion of might
 o - a potion of mutation
 p - 2 potions of lignification {unknown}
 r - a potion of degeneration {unknown}

Dungeon Overview and Level Annotations

Branches:
Dungeon (7/15)             Temple (1/1) D:5

Altars:
Ashenzari
Cheibriados
Dithmenos
Fedhas
Gozag
Hepliaklqana
Kikubaaqudgha
Makhleb
Okawaru
Qazlal
Ru
Sif Muna
Vehumet
Wu Jian
Yredelemnul

Shops:
D:5 *   D:6 *

Annotations:
D:2 1 runed translucent door, Crazy Yiuf
D:7 Menkaure


Message History

The killer bee stings you but does no damage.
You block the killer bee's attack. The killer bee stings you. x2
Menkaure, Prince of Dust comes into view.
Menkaure shouts!
You scratch the killer bee.
The killer bee is almost dead.
The killer bee stings you but does no damage.
The killer bee closely misses you. The killer bee stings you.
You block the killer bee's attack.
You claw the killer bee!
You kill the killer bee!
Okawaru accepts your kill.
The killer bee stings you but does no damage.
You miss the killer bee.
The killer bee stings you but does no damage.
You block the killer bee's attack. The killer bee stings you.
The killer bee barely misses you.
You closely miss the killer bee.
The killer bee stings you but does no damage. x3
The killer bee closely misses you.
You barely miss the killer bee.
The killer bee stings you but does no damage. x3
The killer bee stings you.
You miss the killer bee.
The killer bee stings you but does no damage.
The killer bee barely misses you.
The killer bee stings you but does no damage. x2
You barely miss the killer bee. The killer bee stings you.
The killer bee stings you but does no damage.
You claw the killer bee!
The killer bee is almost dead.
The killer bee stings you. You block the killer bee's attack. x2
The killer bee stings you but does no damage.
You miss the killer bee.
The killer bee is almost dead.
You block the killer bee's attack. The killer bee stings you!
Menkaure gestures wildly while chanting.
Menkaure seems to speed up.
The killer bee stings you.
You die...

............#.....<..###
............#..........#
............#..#.###..##
#......#.....##..###
..##.#..........##
....[.....##...#
....###....###
.>##.....# #.#y@#.##
#yyy#### .......M###
$.###.... #......
##....y. ......(.
##........ .....y....


You could see Menkaure (fast) and 4 killer bees.

Vanquished Creatures
  An ice beast (D:7)
  A black bear (D:5)
  A centaur (D:7)
  A kobold brigand (D:6)
  A phantom (D:6)
  Blork the orc (D:4)
  2 scorpions (D:5)
  A killer bee (D:7)
  A hound (D:5)
  3 orc priests (D:3)
  4 jellies
  4 iguanas
  Ijyb (D:4)
  Jessica (D:2)
  An orc wizard (D:6)
  Terence (D:2)
  7 adders
  A white imp (D:5)
  2 worms
  12 dart slugs
  17 orcs
  3 bats
  5 endoplasms
  3 giant cockroaches
  8 goblins
  5 hobgoblins
  9 jackals
  16 kobolds
  8 ball pythons
  4 frilled lizards
  7 rats
132 creatures vanquished.

Vanquished Creatures (others)
  11 plants (D:2)
11 creatures vanquished.

Grand Total: 143 creatures vanquished

Notes
Turn   | Place    | Note
-------+----------+-------------------------------------------
     0 | D:1      | qw the Ghoul Fire Elementalist began the quest for the Orb.
     0 | D:1      | Reached XP level 1. HP: 14/14 MP: 2/2
     0 | D:1      | 0 ||| qw: Version: 0.1-a-90-g952f4b7
     0 | D:1      | 0 ||| qw: Game counter: 4228
     0 | D:1      | 0 ||| qw: Always use a shield: true
     0 | D:1      | 0 ||| qw: God list: Okawaru
     0 | D:1      | 0 ||| qw: Allow faded altars: false
     0 | D:1      | 0 ||| qw: Do Orc after D:15 true
     0 | D:1      | 0 ||| qw: Do second Lair branch before Depths: true
     0 | D:1      | 0 ||| qw: Lair rune preference: random
     0 | D:1      | 0 ||| qw: Plans: Normal
     0 | D:1      | 0 ||| PLANNING D:1-11
    95 | D:1      | Reached skill level 1 in Unarmed Combat
   245 | D:1      | Reached skill level 1 in Fighting
   245 | D:1      | Reached XP level 2. HP: 21/23 MP: 3/3
   546 | D:1      | Reached skill level 2 in Unarmed Combat
   853 | D:1      | 853 ||| UPGRADING to +0 leather armour.
   863 | D:1      | 863 ||| DROPPING +0 robe.
   864 | D:1      | 864 ||| UPGRADING to +6 ring of strength.
   865 | D:1      | 865 ||| READING scroll labelled VIULEH OTOUC.
   866 | D:1      | 866 ||| READING scroll labelled UREWABYASA.
   867 | D:1      | 867 ||| DROPPING potion of magic.
   912 | D:2      | Reached XP level 3. HP: 9/28 MP: 4/4
   914 | D:2      | HP: 7/28 [adder (1)]
  1019 | D:2      | 1019 ||| FLEEEEING.
  1020 | D:2      | 1020 ||| FLEEEEING.
  1021 | D:2      | 1021 ||| STAIRDANCE
  1166 | D:2      | Reached skill level 3 in Unarmed Combat
  1348 | D:2      | You fall into a shaft and drop 1 floor!
  1369 | D:3      | Reached XP level 4. HP: 35/35 MP: 5/5
  1372 | D:3      | Reached skill level 4 in Unarmed Combat
  1380 | D:3      | Reached XP level 5. HP: 23/41 MP: 6/6
  1583 | D:3      | 1583 ||| Stepping ~*~*~tactically~*~*~ (stealth).
  1584 | D:3      | 1584 ||| Stepping ~*~*~tactically~*~*~ (stealth).
  1637 | D:3      | 1637 ||| UPGRADING to +0 cloak.
  1642 | D:3      | 1642 ||| UPGRADING to +0 chain mail.
  1652 | D:3      | 1652 ||| DROPPING +0 leather armour.
  1693 | D:2      | Found a faded altar of an unknown god.
  1803 | D:2      | Found a runed translucent door.
  1804 | D:2      | Noticed Crazy Yiuf
  1968 | D:2      | Reached skill level 1 in Armour
  2027 | D:2      | Noticed Jessica
  2028 | D:2      | 2028 ||| Stepping ~*~*~tactically~*~*~ (hiding).
  2034 | D:2      | Killed Jessica
  2207 | D:2      | 2207 ||| Stepping ~*~*~tactically~*~*~ (stealth).
  2236 | D:2      | Noticed Terence
  2245 | D:2      | 2245 ||| Stepping ~*~*~tactically~*~*~ (outnumbered).
  2251 | D:2      | Killed Terence
  2252 | D:2      | Reached skill level 5 in Unarmed Combat
  2255 | D:2      | Reached XP level 6. HP: 36/48 MP: 7/7
  2557 | D:2      | 2557 ||| Stepping ~*~*~tactically~*~*~ (stealth).
  2560 | D:2      | 2560 ||| Stepping ~*~*~tactically~*~*~ (stealth).
  2569 | D:2      | 2569 ||| Stepping ~*~*~tactically~*~*~ (stealth).
  2573 | D:2      | 2573 ||| Stepping ~*~*~tactically~*~*~ (outnumbered).
  2584 | D:2      | 2584 ||| Stepping ~*~*~tactically~*~*~ (stealth).
  2730 | D:2      | 2730 ||| UPGRADING to +0 buckler.
  2735 | D:2      | 2735 ||| READING scroll labelled CIRGHE YMEBEPT.
  2736 | D:2      | 2736 ||| READING scroll labelled OBUUNA BEYPT.
  2737 | D:2      | 2737 ||| READING scroll labelled XOTAXKA NYKE.
  2738 | D:2      | 2738 ||| DRINKING 2 fuming sapphire potions.
  2739 | D:2      | 2739 ||| READING 2 scrolls of identify.
  2739 | D:2      | 2739 ||| IDENTIFYING fuming red potion
  2740 | D:2      | 2740 ||| DROPPING potion of ambrosia.
  2987 | D:3      | 2987 ||| Stepping ~*~*~tactically~*~*~ (stealth).
  2991 | D:3      | 2991 ||| Stepping ~*~*~tactically~*~*~ (stealth).
  2999 | D:3      | 2999 ||| Stepping ~*~*~tactically~*~*~ (stealth).
  3034 | D:3      | 3034 ||| Stepping ~*~*~tactically~*~*~ (stealth).
  3066 | D:3      | Reached skill level 1 in Shields
  3401 | D:3      | 3401 ||| READING scroll labelled YMAUQEA ECSEZYITOR.
  3502 | D:3      | 3502 ||| READING scroll labelled KEDWEL DAANTU.
  3503 | D:3      | 3503 ||| READING scroll labelled ZEOFOA PIKHLIA.
  3546 | D:4      | Noticed Ijyb
  3574 | D:4      | Killed Ijyb
  3638 | D:4      | 3638 ||| Stepping ~*~*~tactically~*~*~ (outnumbered).
  3639 | D:4      | 3639 ||| Stepping ~*~*~tactically~*~*~ (stealth).
  3695 | D:4      | Identified the +4 ring mail of Quzotorr {*Corrode rElec
                  | rC+++ Int-4}
  3719 | D:4      | Reached skill level 6 in Unarmed Combat
  4034 | D:4      | Noticed Blork the orc
  4047 | D:4      | HP: 8/50 [Blork the orc/+3 battleaxe of venom (9)]
  4048 | D:4      | Killed Blork the orc
  4049 | D:4      | Reached skill level 3 in Fighting
  4049 | D:4      | Reached XP level 7. HP: 12/58 MP: 8/8
  4360 | D:4      | 4360 ||| UPGRADING to +2 chain mail of poison resistance.
  4370 | D:4      | 4370 ||| DROPPING +0 chain mail.
  4371 | D:4      | 4371 ||| UPGRADING to scarf of resistance.
  4381 | D:4      | 4381 ||| DROPPING +6 ring of intelligence.
  4382 | D:4      | 4382 ||| DRINKING 2 blue potions.
  4383 | D:4      | 4383 ||| READING 3 scrolls of identify.
  4383 | D:4      | 4383 ||| IDENTIFYING puce potion
  4384 | D:4      | 4384 ||| READING 2 scrolls of identify.
  4384 | D:4      | 4384 ||| IDENTIFYING smoky dark potion
  4385 | D:4      | 4385 ||| DROPPING potion of brilliance.
  4386 | D:4      | 4386 ||| DROPPING potion of berserk rage.
  4399 | D:5      | Entered Level 5 of the Dungeon
  4403 | D:5      | 4403 ||| Stepping ~*~*~tactically~*~*~ (outnumbered).
  4404 | D:5      | 4404 ||| Stepping ~*~*~tactically~*~*~ (outnumbered).
  4406 | D:5      | 4406 ||| Stepping ~*~*~tactically~*~*~ (outnumbered).
  4407 | D:5      | 4407 ||| Stepping ~*~*~tactically~*~*~ (outnumbered).
  4410 | D:5      | 4410 ||| DRINKING potion of cancellation.
  4415 | D:5      | HP: 10/58 [iguana (6)]
  4416 | D:5      | 4416 ||| DRINKING potion of heal wounds.
  4432 | D:5      | 4432 ||| FLEEEEING.
  4433 | D:5      | 4433 ||| FLEEEEING.
  4434 | D:5      | 4434 ||| STAIRDANCE
  4600 | D:5      | Reached skill level 7 in Unarmed Combat
  4633 | D:5      | 4633 ||| Stepping ~*~*~tactically~*~*~ (stealth).
  4633 | D:5      | Found Ablem's Assorted Antiques.
  4724 | D:5      | 4724 ||| BUYING potion of heal wounds (135 gold).
  4724 | D:5      | Bought a potion of heal wounds for 135 gold pieces
  4724 | D:5      | 4724 ||| BUYING scroll labelled WUTECL WEOVOD (27 gold).
  4724 | D:5      | Bought a scroll labelled WUTECL WEOVOD for 27 gold pieces
  4724 | D:5      | 4724 ||| BUYING scroll of identify (54 gold).
  4724 | D:5      | Bought a scroll of identify for 54 gold pieces
  4724 | D:5      | 4724 ||| SHOPLISTING shiny scale mail (189 gold, have 29).
  4992 | D:5      | Found a staircase to the Ecumenical Temple.
  4993 | D:5      | 4993 ||| PLANNING TEMPLE
  4993 | D:5      | 4993 ||| READING scroll labelled WUTECL WEOVOD.
  4997 | D:5      | 4997 ||| READING 2 scrolls of identify.
  4997 | D:5      | 4997 ||| IDENTIFYING green potion
  4998 | D:5      | 4998 ||| DROPPING potion of flight.
  5030 | D:5      | Reached skill level 8 in Unarmed Combat
  5047 | D:5      | 5047 ||| Stepping ~*~*~tactically~*~*~ (stealth).
  5049 | D:5      | 5049 ||| Stepping ~*~*~tactically~*~*~ (stealth).
  5050 | D:5      | 5050 ||| Stepping ~*~*~tactically~*~*~ (stealth).
  5051 | D:5      | 5051 ||| Stepping ~*~*~tactically~*~*~ (stealth).
  5058 | D:5      | Reached XP level 8. HP: 58/66 MP: 9/9
  5059 | D:5      | 5059 ||| Stepping ~*~*~tactically~*~*~ (stealth).
  5069 | D:5      | 5069 ||| Stepping ~*~*~tactically~*~*~ (stealth).
  5079 | D:5      | 5079 ||| Stepping ~*~*~tactically~*~*~ (stealth).
  5080 | D:5      | 5080 ||| Stepping ~*~*~tactically~*~*~ (stealth).
  5082 | D:5      | 5082 ||| Stepping ~*~*~tactically~*~*~ (stealth).
  5096 | D:5      | 5096 ||| Stepping ~*~*~tactically~*~*~ (hiding).
  5122 | D:5      | 5122 ||| Stepping ~*~*~tactically~*~*~ (hiding).
  5272 | D:5      | 5272 ||| Stepping ~*~*~tactically~*~*~ (stealth).
  5274 | D:5      | 5274 ||| Stepping ~*~*~tactically~*~*~ (stealth).
  5276 | D:5      | 5276 ||| Stepping ~*~*~tactically~*~*~ (stealth).
  5363 | D:5      | 5363 ||| READING scroll labelled EZIQAUNEITZ.
  5364 | D:5      | 5364 ||| READING 2 scrolls of identify.
  5364 | D:5      | 5364 ||| IDENTIFYING fuming yellow potion
  5399 | Temple   | Entered the Ecumenical Temple
  5527 | Temple   | Became a worshipper of Warmaster Okawaru
  5614 | Temple   | 5614 ||| PLANNING D:1-11
  5782 | D:6      | 5782 ||| Stepping ~*~*~tactically~*~*~ (stealth).
  5783 | D:6      | 5783 ||| Stepping ~*~*~tactically~*~*~ (stealth).
  5785 | D:6      | 5785 ||| Stepping ~*~*~tactically~*~*~ (stealth).
  5787 | D:6      | 5787 ||| Stepping ~*~*~tactically~*~*~ (stealth).
  5789 | D:6      | 5789 ||| Stepping ~*~*~tactically~*~*~ (stealth).
  5791 | D:6      | 5791 ||| Stepping ~*~*~tactically~*~*~ (stealth).
  5926 | D:6      | Identified the +8 rapier "Xoilirre" {pain, Fragile rElec
                  | rN++ Int+3}
  5989 | D:6      | 5989 ||| Stepping ~*~*~tactically~*~*~ (outnumbered).
  5990 | D:6      | 5990 ||| Stepping ~*~*~tactically~*~*~ (outnumbered).
  5991 | D:6      | 5991 ||| Stepping ~*~*~tactically~*~*~ (outnumbered).
  5992 | D:6      | 5992 ||| Stepping ~*~*~tactically~*~*~ (outnumbered).
  6174 | D:6      | Found Jutoesimam's General Store.
  6177 | D:6      | 6177 ||| BUYING potion of curing (33 gold).
  6177 | D:6      | Bought a potion of curing for 33 gold pieces
  6177 | D:6      | 6177 ||| BUYING potion of haste (110 gold).
  6177 | D:6      | Bought a potion of haste for 110 gold pieces
  6177 | D:6      | 6177 ||| SHOPLISTING potion of heal wounds (55 gold, have
                  | 12).
  6177 | D:6      | 6177 ||| SHOPLISTING scroll of identify (22 gold, have 12).
  6177 | D:6      | 6177 ||| SHOPLISTING scroll of teleportation (33 gold, have
                  | 12).
  6386 | D:6      | Found a stormy altar of Qazlal.
  6469 | D:6      | 6469 ||| READING 2 scrolls labelled REAMA WUQARA.
  6470 | D:6      | 6470 ||| READING 2 scrolls of identify.
  6470 | D:6      | 6470 ||| IDENTIFYING viscous orange potion
  6471 | D:6      | 6471 ||| DROPPING scroll of blinking.
  6503 | D:7      | Reached skill level 9 in Unarmed Combat
  6553 | D:7      | Found a hazy altar of Hepliaklqana.
  6598 | D:7      | 6598 ||| Stepping ~*~*~tactically~*~*~ (stealth).
  6604 | D:7      | 6604 ||| Stepping ~*~*~tactically~*~*~ (outnumbered).
  6606 | D:7      | 6606 ||| Stepping ~*~*~tactically~*~*~ (outnumbered).
  6612 | D:7      | HP: 15/66 [killer bee (4)]
  6613 | D:7      | 6613 ||| DRINKING potion of heal wounds.
  6616 | D:7      | Noticed Menkaure
  6621 | D:7      | HP: 13/67 [killer bee (6)]
  6625 | D:7      | HP: 1/67 [killer bee (7)]
  6625 | D:7      | Slain by a killer bee

Levels and vault maps discovered:
D:1:      ebering_hopf_link, layout_basic
D:2:      layout_loops_corners, ebering_ecumenical_altar_rust,
          grunt_ministairs_12, minmay_tree_intersection,
          lexackson_kobold_supper, uniq_terence, uniq_crazy_yiuf_cottage,
          uniq_jessica
D:3:      layout_basic, minmay_statues_item,
          hangedman_abyss_or_decor_lesser_grid
D:4:      layout_basic, uniq_ijyb, uniq_blork_the_orc
D:5:      kennysheep_slugbush, layout_loops_ring, temple_statues, serial_shops,
          nicolae_shop_stone
D:6:      layout_cave_pools, mainiacjoe_overflow_cross_hatched, serial_shops,
          kennysheep_mini_moat, hangedman_decor_points, minivault_22
D:7:      layout_cave_pools, mainiacjoe_overflow_tiny_flanked,
          grunt_nemelex_the_gamble, hellmonk_ghost_happy_afterlife,
          uniq_menkaure
Temple:   regret_index_temple_generic_petals

Skill      XL: |  1  2  3  4  5  6  7  8 |
---------------+-------------------------+-----
Unarmed Combat | 1 2 3 4 5 6 8 9 |  9.0
Fighting       | 1 2 3 4 |  4.3
Armour         | 1 2 |  2.2
Shields        | 1 2 |  2.2
Dodging        | |  1.7
Stealth        | |  2.1
Spellcasting   | |  1.7
Conjurations   | |  0.7
Fire Magic     | |  2.4

Action                   |  1- 3 |  4- 6 |  7- 9 || total
-------------------------+-------+-------+-------++-------
Melee: Unarmed           |    77 |   248 |   194 ||   519
       Punch             |     1 |     3 |       ||     4
  Use: Scroll            |     2 |     7 |     8 ||    17
       Potion            |       |     1 |     4 ||     5
Armor: Robe              |     5 |       |       ||     5
       Leather armour    |    10 |     1 |       ||    11
       Chain mail        |       |    91 |   166 ||   257
Dodge: Dodged            |    49 |    58 |    89 ||   196
Block: Buckler           |       |    13 |    39 ||    52

Table legend:
 A = Non-vault XP
 B = Vault XP
 C = Vault XP percentage of total XP
 D = Non-vault monster count
 E = Vault monster count
 F = Vault count percentage of total count
                 A         B        C        D         E       F
            +---------+---------+-------+---------+---------+-------
      Total |    1589 |     282 |  15.1 |     109 |      23 |  17.4
            +---------+---------+-------+---------+---------+-------
        D:1 |      26 |       0 |   0.0 |      15 |       0 |   0.0
        D:2 |      66 |     109 |  62.3 |      22 |      12 |  35.3
        D:3 |     179 |       0 |   0.0 |      21 |       0 |   0.0
        D:4 |     164 |     137 |  45.5 |      20 |       2 |   9.1
        D:5 |     539 |      36 |   6.3 |      16 |       9 |  36.0
        D:6 |     304 |       0 |   0.0 |      12 |       0 |   0.0
        D:7 |     311 |       0 |   0.0 |       3 |       0 |   0.0
            +---------+---------+-------+---------+---------+-------
